 Dungeon Crawl Stone Soup version 0.31-a0-1019-g3dd9dd1025 (webtiles) character file.

Game seed: 11226062005904513069

28 Malachi the Covered (level 3, 33/33 HPs)
             Began as an Armataur Fighter on Nov 17, 2023.
             Was a Follower of Vehumet.
             Got out of the dungeon alive.
             The game lasted 00:00:57 (879 turns).

Malachi the Covered (Armataur Fighter)               Turns: 879, Time: 00:00:58

Health: 33/33      AC:  7    Str: 23    XL:     3   Next: 0%
Magic:  3/3        EV:  7    Int:  8    God:    Vehumet [*.....]
Gold:   19         SH:  4    Dex:  9    Spells: 2/2 levels left

rFire   . .          .
                       - Unarmed
rCold   . . .        b - +0 buckler
rNeg    . . .        a - +0 scale mail
rPois   .            (no helmet)
rElec   .            (no cloak)
rCorr   .            (no gloves)
SInv    .            (no barding)
Will    .....        (no amulet) Stlth
                     (no ring)
HPRegen 0.25/turn    (no ring)
MPRegen 0.08/turn

%: roll
@: no status effects
A: large, rugged brown scales 3, deformed body, armoured tail, roll, long
tongue, awkward tongue
a: Renounce Religion


You escaped.
You worshipped Vehumet.
Vehumet was aware of your devotion.
You visited 1 branch of the dungeon, and saw 1 of its levels.

You collected 19 gold pieces.

Inventory:

Armour
 a - a +0 scale mail (worn)
 b - a +0 buckler (worn)
Scrolls
 e - a scroll of brand weapon {unknown}
 f - 2 scrolls of identify {unknown}
Potions
 c - 2 potions of might
 d - a potion of degeneration {unknown}
 g - a potion of ambrosia {unknown}
 h - a potion of heal wounds {unknown}
 i - a potion of berserk rage {unknown}


   Skills:
 + Level 3.1 Fighting
 - Level 3.8 Armour
 - Level 3.4 Shields
 + Level 2.3 Unarmed Combat


You had 2 spell levels left.
You didn't know any spells.
Your spell library was empty.

Dungeon Overview and Level Annotations

Branches:
Dungeon (1/15)

Altars:
Vehumet


Innate Abilities, Weirdness & Mutations

You are completely covered in rugged brown scales. (AC +3, +7% HP)
Armour fits poorly on your strangely shaped body.
You have a long armoured tail.
You roll when moving toward enemies. (Rampage)
Your long tongue fully drains potion bottles. (2x potion effects)
Your tongue gives you trouble enunciating. (1.5x scroll delay)


Message History

The ball python is moderately wounded.
The ball python bites you but does no damage.
You barely miss the ball python.
The ball python is moderately wounded.
The ball python bites you but does no damage.
You hit the ball python.
You kill the ball python!
You have reached level 3!
Your experience leads to an increase in your attributes!
Increase (S)trength, (I)ntelligence, or (D)exterity?
You feel stronger. x2
You open the door.
There is an open door here.
You see here a +0 short sword of venom.
You open the door.
There is an open door here.
Partly explored, can't reach some places.
Partly explored, can't reach some places.
Partly explored, can't reach some places.
Partly explored, can't reach some places.
Partly explored, can't reach some places.
You see here a +0 short sword of venom.
There is a stone staircase leading down here.
Okay, then.
Partly explored, can't reach some places.
Partly explored, can't reach some places.
Search for what [? for help]? altar You see here a +0 short sword of venom.
There is an open door here.
There is a faded altar of an unknown god here.
This altar belongs to (a) Trog, (b) Okawaru or (c) Vehumet, but you can't tell which.
Press the corresponding letter to learn more about a god, or press enter to convert or escape to cancel.
Vehumet accepts your prayer! Vehumet welcomes you!
You can now gain magical power from killing.
Vehumet offers you knowledge of Freeze.
There is a shaft here.
There is an open door here.
There is a staircase leading out of the dungeon here.
Alright, then stay!
You have escaped!

#..# #.## ##'## #
###...### #
###.......### #
##...........##
###.....#'#.....##
......###~###....#
#...###.~≈~.###.@#
#..##..~≈≈≈~..##.#
####>~≈≈≈≈≈~~~>###
#############


There were no monsters in sight!

Vanquished Creatures
  3 dart slugs (D:1)
  2 ball pythons (D:1)
  4 bats (D:1)
  An endoplasm (D:1)
  A hobgoblin (D:1)
  4 jackals (D:1)
  3 goblins (D:1)
  A kobold (D:1)
19 creatures vanquished.

Notes
Turn   | Place    | Note
-------+----------+-------------------------------------------
     0 | D:1      | Malachi the Armataur Fighter began the quest for the Orb.
     0 | D:1      | Reached XP level 1. HP: 19/19 MP: 1/1
    69 | D:1      | Found a faded altar of an unknown god.
   189 | D:1      | Reached XP level 2. HP: 26/26 MP: 2/2
   671 | D:1      | Reached XP level 3. HP: 33/33 MP: 3/3
   822 | D:1      | Prayed at the altar of an unknown god.
   822 | D:1      | Became a worshipper of Vehumet
   822 | D:1      | Reached * piety under Vehumet
   822 | D:1      | Offered knowledge of Freeze by Vehumet.
   879 | D:$      | Got out of the dungeon alive.

Illustrated notes

Levels and vault maps discovered:
D:1:      evilmike_arrival_crescent, layout_basic, shapermc_ecumenical_altar_gd

Skill      XL: |  1  2 |
---------------+-------+-----
Unarmed Combat | 2 |  2.3
Fighting       | 3 |  3.1
Armour         | |  3.8
Shields        | |  3.4

Action                     || total
---------------------------++-------
  Melee: Unarmed           ||    52
         Tailslap          ||    10
 Armour: Scale mail        ||    32
  Dodge: Dodged            ||     8
  Block: Buckler           ||     7

Table legend: (Time is in decaauts)
 A = Elapsed time spent in this place.
 B = Non-inter-level travel time spent in this place.
 C = Inter-level travel time spent in this place.
 D = Time resting spent in this place.
 E = Time spent auto-exploring this place.
 F = Levels seen in this place.
 G = Mean time per level.
                   A        B        C        D        E       F      G
               +--------+--------+--------+--------+--------+-----+--------+
         Total |    878 |    776 |    102 |      0 |    675 |   1 |  878.0 |
       Dungeon |    878 |    776 |    102 |      0 |    675 |   1 |  878.0 |
               +--------+--------+--------+--------+--------+-----+--------+

Top non-repeatable levels by time:
     D:1: 878 daAuts
